 Dungeon Crawl Stone Soup version 0.31.0-1-g2c135a008e (webtiles) character file.

Game seed: 12426985130341198839

263 qw the Shooter (level 6, -11/46 HPs)
             Began as a Djinni Hunter on Jan 23, 2024.
             Mangled by a crocodile (15 damage)
             ... in a sewer.
             The game lasted 00:00:08 (1917 turns).

qw the Shooter (Djinni Hunter)                      Turns: 1917, Time: 00:00:08

Health: -11/46     AC:  3    Str: 10    XL:     6   Next: 42%
Gold:   157        EV: 13    Int: 10    God:
                   SH:  0    Dex: 19

rFire   + + .        a - +0 shortbow
rCold   . . .        (shield currently unavailable)
rNeg    . . .        c - +0 leather armour
rPois   inf          (no helmet)
rElec   .            (no cloak)
rCorr   .            (no gloves)
SInv    .            (boots unavailable)
Will    .....        (no amulet)
Stlth   ++           g - ring of protection from cold
HPRegen 0.27/turn    (no ring)
MPRegen 0.00/turn

%: infuse magic (-12 HP)
@: flying
A: sickness immunity, fire resistance 2, cold vulnerability 1, float, innate
caster, HP casting, extra vitality 1
a: no special abilities


You were in a sewer.
You visited 1 branch of the dungeon, and saw 3 of its levels.
You also visited: Sewer.

You collected 157 gold pieces.


Innate Abilities, Weirdness & Mutations

You are immune to sickness and miasma.
You are immune to poison.
Your flesh is very heat resistant. (rF++)
You are vulnerable to cold. (rC-)
You float through the air rather than walking.
You learn spells naturally, not from books.
Your magical power is your life essence.
You have superior vitality. (+4 MHP)


   Skills:
 + Level 3.3 Fighting
 - Level 5.3 Ranged Weapons
 - Level 3.0 Dodging
 - Level 0.7 Stealth


You knew the following spells:

 Your Spells              Type           Power      Damage    Failure   Level
a - Necrotise             Necr           0%         1d4       45%         1
b - Jinxbite              Hex            0%         N/A       61%         2
Your spell library was empty.

Inventory:

Hand Weapons
 a - a +0 shortbow (weapon)
Armour
 c - a +0 leather armour (worn)
Jewellery
 g - a ring of protection from cold (left hand)
Scrolls
 b - 2 scrolls of identify
 d - a scroll of revelation {unknown}
 e - a scroll of fear {unknown}
Potions
 f - a potion of enlightenment
 h - a potion of heal wounds {unknown}
 i - 2 potions of curing

Dungeon Overview and Level Annotations

Branches:
Dungeon (3/15)              Sewer (1/1)

Altars:
Ashenzari

Shops:
D:1 =


Message History

The kobold brigand is moderately wounded.
A crocodile comes into view.
You shoot an arrow. The arrow closely misses the crocodile.
You shoot an arrow. The arrow hits the kobold brigand.
The kobold brigand is moderately wounded.
You shoot an arrow. The arrow hits the kobold brigand!
The kobold brigand is severely wounded.
You shoot an arrow. The arrow hits the kobold brigand!
The kobold brigand is almost dead.
The kobold brigand throws a curare-tipped dart.
The curare-tipped dart misses you.
You shoot an arrow.
The arrow barely misses the kobold brigand.
You shoot an arrow.
The arrow hits the kobold brigand but does no damage.
The kobold brigand is almost dead.
You shoot an arrow. The arrow misses the kobold brigand.
The kobold brigand throws a curare-tipped dart.
The curare-tipped dart completely misses you.
The kobold brigand throws a curare-tipped dart.
The curare-tipped dart hits you. You resist.
You shoot an arrow. The arrow hits the kobold brigand!
You kill the kobold brigand!
You hear a splash. x2
Your Ranged Weapons skill increases to level 5!
You shoot an arrow.
The arrow hits the crocodile but does no damage.
The crocodile bites you! The crocodile bites you.
You shoot an arrow. The arrow misses the crocodile.
The crocodile bites you!
You shoot an arrow.
The arrow hits the crocodile but does no damage.
The crocodile bites you!
You shoot an arrow. The arrow hits the crocodile.
The crocodile is lightly wounded.
The crocodile bites you.
You shoot an arrow. The arrow hits the crocodile.
The crocodile is moderately wounded.
The crocodile bites you!
You die...

~.% ~. .~. .~. #~# #~# #)#
#~# #~# #~# ##~## ##~## .
##%.~## ##..~##
%.~.####.\~~~#####....~####..
..~~~~~~..\.~~~~@~~....~~~~..
~...####.....##l##~~...####~
~ ##.~.###)###~~~## ##~## #~
##~## #~# ~? #~# #~# !\ #~#
#~# #.! #~# ##~####. ##~##
##.~~## ##.~.##


You could see a crocodile.

Vanquished Creatures
  A kobold brigand (Sewer)
  A bombardier beetle (D:2)
  Jessica (D:3)
  5 adders
  3 river rats
  A ribbon worm (D:3)
  A dart slug (D:2)
  3 bats
  2 endoplasms
  5 giant cockroaches
  9 goblins
  4 hobgoblins
  3 quokkas
  5 ball pythons
  3 frilled lizards
  7 kobolds
  6 rats
60 creatures vanquished.

Notes
Turn   | Place    | Note
-------+----------+-------------------------------------------
     0 | D:1      | qw the Djinni Hunter began the quest for the Orb.
     0 | D:1      | Reached XP level 1. HP: 18/18 MP: 0/0
     0 | D:1      | 0 ||| qw: Version: 0.3-a-134-g2ba4250
     0 | D:1      | 0 ||| qw: Game counter: 673
     0 | D:1      | 0 ||| qw: Melee chars always use a shield: true
     0 | D:1      | 0 ||| qw: God list: Okawaru
     0 | D:1      | 0 ||| qw: Allow faded altars: false
     0 | D:1      | 0 ||| qw: Do Orc after clearing Dungeon:15 true
     0 | D:1      | 0 ||| qw: Do second Lair branch before Depths: true
     0 | D:1      | 0 ||| qw: Lair rune preference: random
     0 | D:1      | 0 ||| qw: Goals: Normal
     0 | D:1      | 0 ||| PLANNING D:1-11
   117 | D:1      | Reached XP level 2. HP: 23/23 MP: 0/0
   448 | D:1      | Found Vatifri's Jewellery Shoppe.
   467 | D:1      | 467 ||| SHOPLISTING amulet of faith (400 gold, have 83).
   467 | D:1      | 467 ||| SHOPLISTING ring of fire (250 gold, have 83).
   467 | D:1      | 467 ||| SHOPLISTING ring of ice (250 gold, have 83).
   887 | D:1      | 887 ||| UPGRADING to ring of protection from cold.
   888 | D:1      | 888 ||| READING 2 scrolls labelled WEVVEC HIEH.
   888 | D:1      | 888 ||| IDENTIFYING red potion
   889 | D:1      | 889 ||| READING scroll of identify.
   889 | D:1      | 889 ||| IDENTIFYING metallic grey potion
   890 | D:1      | 890 ||| READING scroll labelled RORABE IL XOLA.
   891 | D:1      | 891 ||| DROPPING scroll of butterflies.
   892 | D:1      | 892 ||| DROPPING potion of degeneration.
   911 | D:2      | Reached XP level 3. HP: 26/28 MP: 0/0
   911 | D:2      | Learned a level 1 spell: Necrotise
   946 | D:2      | Reached skill level 4 in Ranged Weapons
  1044 | D:2      | Reached skill level 3 in Fighting
  1044 | D:2      | Reached XP level 4. HP: 35/35 MP: 0/0
  1233 | D:2      | Found a broken altar of Ashenzari.
  1334 | D:2      | 1334 ||| READING 4 scrolls of identify.
  1334 | D:2      | 1334 ||| IDENTIFYING murky inky potion
  1335 | D:2      | 1335 ||| READING 3 scrolls of identify.
  1335 | D:2      | 1335 ||| IDENTIFYING white potion
  1336 | D:2      | 1336 ||| READING 2 scrolls of identify.
  1336 | D:2      | 1336 ||| IDENTIFYING 2 bubbling clear potions
  1337 | D:2      | 1337 ||| READING scroll of identify.
  1337 | D:2      | 1337 ||| IDENTIFYING scroll labelled UMOTHR ZACLOL
  1338 | D:2      | 1338 ||| DROPPING potion of lignification.
  1339 | D:2      | 1339 ||| DROPPING scroll of blinking.
  1340 | D:2      | 1340 ||| DROPPING potion of ambrosia.
  1351 | D:3      | 1351 ||| PLANNING SEWER
  1425 | D:3      | Reached skill level 3 in Dodging
  1487 | D:3      | Reached XP level 5. HP: 40/40 MP: 0/0
  1487 | D:3      | Learned a level 2 spell: Jinxbite
  1519 | D:3      | Noticed Jessica
  1523 | D:3      | Killed Jessica
  1832 | D:3      | Found a glowing drain.
  1841 | Sewer    | Entered a sewer
  1855 | Sewer    | Reached XP level 6. HP: 46/46 MP: 0/0
  1904 | Sewer    | Noticed a crocodile
  1913 | Sewer    | Reached skill level 5 in Ranged Weapons
  1915 | Sewer    | HP: 5/46 [crocodile (12)]
  1917 | Sewer    | Mangled by a crocodile

Levels and vault maps discovered:
D:1:      tarquinn_simple_flora_water_c, layout_basic, serial_shops, shop_coins,
          minmay_misc_feat_five, minmay_misc_feat_rows, item_on_display_b
D:2:      layout_rooms, basic_altar
D:3:      layout_basic, portal_sewer_entry_a, serial_park_tiny_1, uniq_jessica
Sewer:    sewer_co_15_rooms

Skill      XL: |  1  2  3  4  5  6 |
---------------+-------------------+-----
Ranged Weapons | 4 5 |  5.3
Fighting       | 3 |  3.3
Dodging        | 3 |  3.0
Stealth        | |  0.7

Action                     |  1- 3 |  4- 6 || total
---------------------------+-------+-------++-------
   Fire: Shortbow          |    66 |   112 ||   178
    Use: Scroll            |     3 |     4 ||     7
 Armour: Leather armour    |    10 |    17 ||    27
  Dodge: Dodged            |     6 |    29 ||    35

Table legend:
 A = Non-vault XP
 B = Vault XP
 C = Vault XP percentage of total XP
 D = Non-vault monster count
 E = Vault monster count
 F = Vault count percentage of total count
                 A         B        C        D         E       F
            +---------+---------+-------+---------+---------+-------
      Total |     174 |     202 |  53.7 |      48 |      12 |  20.0
            +---------+---------+-------+---------+---------+-------
        D:1 |      27 |       0 |   0.0 |      16 |       0 |   0.0
        D:2 |     103 |       0 |   0.0 |      20 |       0 |   0.0
        D:3 |      44 |      72 |  62.1 |      12 |       6 |  33.3
      Sewer |       0 |     130 | 100.0 |       0 |       6 | 100.0
            +---------+---------+-------+---------+---------+-------
